 Dungeon Crawl Stone Soup version 0.30-a0-585-g93115170b9 (webtiles) character file.

Game seed: 13546295419473878534

135097 TrayleKats the Brawler (level 16, 0/170 HPs)
             Began as a Troll Gladiator on Dec 30, 2022.
             Was a High Priest of Okawaru.
             Slain by a ghost moth (5 damage)
             ... on level 2 of the Spider Nest on Jan 1, 2023.
             The game lasted 00:46:40 (24560 turns).

TrayleKats the Brawler (Troll Gladiator)           Turns: 24560, Time: 00:46:41

Health: 0/170      AC: 19    Str: 29 (32) XL:     16   Next: 63%
Magic:  0/21       EV: 11    Int: -6 (4)  God:    Okawaru [*****.]
Gold:   2077       SH: 16    Dex:  6 (17) Spells: 15/15 levels left

rFire   + . .      SeeInvis .      - Unarmed
rCold   . . .      Faith    .    T - +0 kite shield
rNeg    . . .      Spirit   .    Y - +3 storm dragon scales
rPois   +          Reflect  +    b - +0 hat
rElec   +          Harm     .    t - +1 cloak of Starlight {*Dazzle EV+4 Stlth--}
rCorr   .          Rampage  .    (gloves unavailable)
Will    ++...                    (boots unavailable) Stlth
                                 A - amulet of reflection
HPRegen 1.28/turn                d - ring "Lulatos" {Will+ Dex+2}
MPRegen 0.17/turn                n - ring "Meibeb" {Fire Fly rPois Dex+4 Slay+5}

@: mighty, heroic, flying, hasted and slowed, lost intelligence, unable to read
A: large, unfitting armour, claws 3, regeneration 1, shaggy fur 1, tough skin 1,
cold resistance 1
a: Renounce Religion, Heroism, Finesse, Duel


You were on level 2 of the Spider Nest.
You worshipped Okawaru.
Okawaru was extremely pleased with you.
You visited 5 branches of the dungeon, and saw 25 of its levels.
You visited the Abyss 1 time.
You also visited: Ossuary and Bailey.

You collected 2224 gold pieces.
You spent 147 gold pieces at shops.

Inventory:

Missiles
 c - 9 throwing nets
 D - 24 large rocks
 E - 18 javelins
 H - 4 boomerangs of dispersal
 L - 10 boomerangs (quivered)
 Q - 5 silver javelins
 W - 5 curare-tipped darts
Armour
 b - a +0 hat (worn)
 t - the +1 cloak of Starlight (worn) {*Dazzle EV+4 Stlth--}
   (You found it on level 13 of the Dungeon)

   It may blind those who miss an attack against the wearer in melee combat.
   EV:        It affects your evasion (+4).
   Stlth:     It makes you much less stealthy.
 T - a +0 kite shield (worn)
 Y - +3 storm dragon scales (worn)
Jewellery
 d - the ring "Lulatos" (left claw) {Will+ Dex+2}
   (You took it off an orc knight in a bailey)

   [ring of willpower]

   Dex:       It affects your dexterity (+2).
   Will:      It increases your willpower.
 n - the ring "Meibeb" (right claw) {Fire Fly rPois Dex+4 Slay+5}
   (You found it on level 15 of the Dungeon)

   [ring of fire]

   It enhances your fire magic.
   Dex:       It affects your dexterity (+4).
   Slay:      It affects your accuracy & damage with ranged weapons and melee
   (+5).
   rF:        It protects you from fire.
   rC:        It makes you vulnerable to cold.
   rPois:     It protects you from poison.
   Fly:       It grants you flight.
 s - a +5 ring of evasion
 A - an amulet of reflection (around neck)
 P - a ring of poison resistance
 S - the ring of Ciogol {Wiz Fly rF++ rC- Slay+2}
   (You acquired it on level 2 of the Lair of Beasts)

   [ring of wizardry]

   It improves your spell success rate.
   Slay:      It affects your accuracy & damage with ranged weapons and melee
   (+2).
   rF:        It greatly protects you from fire.
   rC:        It makes you vulnerable to cold.
   Fly:       It grants you flight.
 U - the ring of Geplasu {Fire Contam Fly Str+2 Int+4}
   (You found it on level 11 of the Dungeon)

   [ring of fire]

   It enhances your fire magic.
   Str:       It affects your strength (+2).
   Int:       It affects your intelligence (+4).
   rF:        It protects you from fire.
   rC:        It makes you vulnerable to cold.
   Fly:       It grants you flight.
   Contam:    It causes magical contamination when unequipped.
Wands
 g - a wand of digging (7)
 u - a wand of acid (11)
 B - a wand of flame (50)
 N - a wand of iceblast (18)
 V - a wand of mindburst (11)
Scrolls
 a - 5 scrolls of noise
 f - 6 scrolls of identify
 k - 8 scrolls of fear
 m - 8 scrolls of blinking
 o - 3 scrolls of amnesia
 q - 4 scrolls of enchant weapon
 r - a scroll of brand weapon
 y - 13 scrolls of teleportation
 z - 5 scrolls of fog
 G - a scroll of butterflies
 I - 3 scrolls of magic mapping
 M - 4 scrolls of poison
Potions
 e - 7 potions of haste
 h - 9 potions of curing
 i - 3 potions of lignification
 j - 4 potions of mutation
 l - 6 potions of degeneration
 p - 4 potions of might
 v - 7 potions of flight
 w - a potion of berserk rage
 x - 4 potions of brilliance
 C - 5 potions of attraction
 F - 2 potions of resistance
 J - a potion of magic
 O - 3 potions of invisibility
 X - 2 potions of ambrosia
 Z - 2 potions of cancellation


   Skills:
 + Level 13.6(18.6) Fighting
 + Level 14.7(19.7) Throwing
 - Level 2.4(7.4) Dodging
 + Level 10.6(15.6) Shields
 + Level 16.1(21.1) Unarmed Combat
 - Level 8.0 Invocations


You had 15 spell levels left.
You didn't know any spells.
Your spell library contained the following spells:

 Spells                   Type           Power      Damage    Failure   Level
 Beastly Appendage        Tmut           0%         N/A       99%         1
 Sandblast                Erth           0%         2d4       99%         1
 Shock                    Conj/Air       0%         1d3       99%         1
 Slow                     Hex            0%         N/A       99%         1
 Blink                    Tloc           0%         N/A       100%        2
 Ensorcelled Hibernation  Hex/Ice        0%         N/A       100%        2
 Passwall                 Tmut/Erth      0%         N/A       100%        2
 Sublimation of Blood     Necr           0%         N/A       100%        2
 Wereblood                Tmut           0%         N/A       100%        2
 Confusing Touch          Hex            0%         N/A       100%        3
 Portal Projectile        Hex/Tloc       0%         N/A       100%        3
 Spider Form              Tmut/Pois      0%         N/A       100%        3
 Stone Arrow              Conj/Erth      0%         3d7       100%        3
 Swiftness                Air            0%         N/A       100%        3
 Vampiric Draining        Necr           0%         2d6       100%        3
 Airstrike                Air            0%         2d(0-16)  100%        4
 Anguish                  Hex/Necr       0%         N/A       100%        4
 Manifold Assault         Tloc           0%         N/A       100%        4
 Passage of Golubria      Tloc           0%         N/A       100%        4
 Petrify                  Tmut/Erth      0%         N/A       100%        4
 Alistair's Intoxication  Tmut/Pois      0%         N/A       100%        5
 Blade Hands              Tmut           0%         N/A       100%        5
 Borgnjor's Vile Clutch   Necr/Erth      0%         N/A       100%        5
 Irradiate                Conj/Tmut      0%         3d11      100%        5
 Yara's Violent Unravell  Hex/Tmut       0%         3d3       100%        5
 Eringya's Noxious Bog    Tmut/Pois      0%         N/A       100%        6
 Dragon Form              Tmut           0%         N/A       100%        7
 Storm Form               Tmut/Air       0%         N/A       100%        7
 Summon Small Mammal      Summ           Unusable   N/A       N/A         1
 Call Imp                 Summ           Unusable   N/A       N/A         2
 Call Canine Familiar     Summ           Unusable   N/A       N/A         3
 Summon Guardian Golem    Hex/Summ       Unusable   N/A       N/A         3
 Tukima's Dance           Hex            Unusable   N/A       N/A         3
 Summon Cactus Giant      Summ           Unusable   N/A       N/A         6

Dungeon Overview and Level Annotations

Branches:
Dungeon (15/15)            Temple (1/1) D:4            Lair (5/5) D:8
 Shoals (0/4) Lair:3       Spider (2/4) Lair:2        Slime (0/5) Lair:5
    Orc (2/2) D:9             Elf (0/3) Orc:2        Vaults (0/5) D:14
 Depths (0/4) D:15        Ossuary (visited)          Bailey (visited)

Altars:
Ashenzari
Cheibriados
Dithmenos
Elyvilon
Fedhas
Gozag
Hepliaklqana
Kikubaaqudgha
Makhleb
Nemelex Xobeh
Okawaru
Qazlal
Ru
Sif Muna
Trog
Uskayaw
Vehumet
Wu Jian
Xom
Yredelemnul
Zin
The Shining One
Jiyva

Shops:
D:1 (   D:4 [   Orc:2 *=[[

Annotations:
Temple 2 transporters
Lair:4 1 runed translucent door
Lair:5 1 runed translucent door


Innate Abilities, Weirdness & Mutations

You are too large for most types of armour.
You have claws for hands.
Your natural rate of healing is unusually fast.
You are covered in fur. (AC +1)
You have tough skin. (AC +1)
Your flesh is cold resistant. (rC+)


Message History

* * * LOW HITPOINT WARNING * * *
Something stings you.
* * * LOW HITPOINT WARNING * * *
You feel dopey.
You feel you are being watched by something.
The boulder beetle leaps!
You feel you are being watched by something.
Something hits you but does no damage. You block something's attack.
Something stings you!
* * * LOW HITPOINT WARNING * * *
You feel clumsy.
You feel you are being watched by something.
You feel your power leaking away. You block the boulder beetle's attack.
The boulder beetle bites you!
* * * LOW HITPOINT WARNING * * *
The boulder beetle attacks as you move away!
You block the boulder beetle's attack.
You feel you are being watched by something.
You feel better. Something hits you!
* * * LOW HITPOINT WARNING * * *
Something hits you but does no damage.
Something stings you but does no damage.
You block the boulder beetle's attack.
You feel you are being watched by something.
Something hits you but does no damage. x2; You block something's attack.
You feel better. Something hits you.
* * * LOW HITPOINT WARNING * * *
You feel weakened. Something hits you but does no damage. Something stings you.
* * * LOW HITPOINT WARNING * * *
You block the boulder beetle's attack.
You feel better.
You feel you are being watched by something.
You feel your power leaking away. Something hits you!
* * * LOW HITPOINT WARNING * * *
You feel clumsy. Something hits you.
You die...

###.^..... #.†......##......###
.........# #........#.......###
........^ ##........#^......##.
........? ##...######.#...>..##.
........# ##..##.#.^.##.#####.#.#
........###..##.......#.#####...#
#.....#.........##.##......
#..#......B.†....#.#####.#.
.###.##....#{@.#.(...## #.#.
........(#.#.#.#(#(..## ###.
........)#.#(#(#.#....# #^.
#^......###...#...###..## ###
...........(.....>......# #.
..^......###..#..###(...### ##.
.........(..###..[....##.###.#
.......###(.###.†###....#..^##
....#................^....#..#


You could see a boulder beetle.

Vanquished Creatures
  A profane servitor (Abyss:2)
  A bone dragon (D:14)
  A tentacled starspawn (Abyss:2)
  A tengu reaver (D:14)
  A storm dragon (D:14)
  2 very ugly things (Abyss:2)
  A stone giant (D:15)
  An entropy weaver (Spider:1)
  A vault guard (D:14)
  2 rakshasas
  Harold (D:11)
  15 hydras
  Erolcha (D:10)
  A catoblepas (D:15)
  7 centaur warriors
  2 ogre magi
  A merfolk avatar (Lair:5)
  10 two-headed ogres
  11 boulder beetles
  5 tengu warriors
  Sonja (Lair:1)
  A wretched star (Abyss:2)
  9 skeletal warriors
  A pharaoh ant (Spider:2)
  A sea snake (Lair:4)
  4 orb spiders
  An orb spider (shapeshifter) (D:15)
  A wizard (D:15)
  A glowing orange brain (Abyss:2)
  An orange crystal statue (D:13)
  3 lindwurms (Lair:5)
  16 ugly things
  2 deep elf pyromancers
  5 orc knights
  3 oklob plants
  10 wolf spiders
  3 manticores
  4 cyclopes
  2 orc sorcerers
  7 slime creatures
  A rust devil (Abyss:2)
  6 elephants
  18 cane toads
  6 black mambas
  4 gargoyles
  Joseph (Lair:1)
  A smoke demon (Abyss:2)
  2 torpor snails (Lair:5)
  A cane toad (shapeshifter) (D:14)
  2 vault sentinels (D:15)
  A freezing wraith (Abyss:2)
  4 rime drakes
  2 unseen horrors
  15 komodo dragons
  An ancient zyme (Abyss:2)
  A tormentor (Abyss:2)
  A kobold demonologist (D:14)
  A red devil (Abyss:2)
  3 meliai
  7 trolls
  2 hornets
  A queen bee (D:14)
  Prince Ribbit (D:5)
  A hellwing (Abyss:2)
  5 tarantellas
  2 wind drakes (Lair:5)
  5 polar bears
  2 snapping turtles
  19 blink frogs
  5 dream sheep
  Sigmund (D:5)
  39 yaks
  5 culicivoras
  8 jumping spiders (Spider:1)
  A shadow (D:11)
  A centaur simulacrum (D:14)
  7 wyverns
  4 large abominations
  A ynoxinul (Abyss:2)
  5 basilisks
  5 wraiths
  3 neqoxecs (Abyss:2)
  11 humans
  14 redbacks
  2 steam dragons
  3 vampire mosquitoes (D:12)
  12 water moccasins
  38 orc warriors
  2 sky beasts
  3 black bears
  A boggart (D:14)
  An ice beast (D:7)
  5 wolves
  6 ogres
  25 centaurs
  4 phantoms
  2 necrophages
  An elf zombie (Ossuary)
  15 bullfrogs
  3 scorpions
  5 wights
  33 killer bees (D:14)
  2 vampire bats (Lair:5)
  3 howler monkeys
  A centaur zombie (Ossuary)
  9 orc priests
  7 hounds
  3 jellies
  A gnoll bouda (D:5)
  A human zombie (Ossuary)
  An iron imp (Abyss:2)
  Ijyb (D:5)
  6 iguanas
  24 orc wizards
  14 hell rats
  3 small abominations
  2 mummies (Ossuary)
  8 gnolls
  5 adders
  2 shadow imps
  4 white imps
  2 adder zombies (Ossuary)
  2 worms (D:2)
  74 orcs
  5 ball pythons
  10 bats
  11 endoplasms
  10 goblins
  8 hobgoblins
  6 jackals
  4 quokkas
  4 frilled lizards
  7 hobgoblin zombies (Ossuary)
  A jackal zombie (Ossuary)
  9 kobolds
  16 kobold zombies (Ossuary)
  5 orc zombies (Ossuary)
  4 rats
  2 rat zombies (Ossuary)
  A starspawn tentacle (Abyss:2)
807 creatures vanquished.

Vanquished Creatures (others)
  A wizard (D:15)
  A human (D:14)
  An orc wizard (D:7)
  9 fungi
  A lurking horror (Abyss:2)
  17 plants
  A starspawn tentacle (Abyss:2)
31 creatures vanquished.

Grand Total: 838 creatures vanquished

Notes
Turn   | Place    | Note
-------+----------+-------------------------------------------
     0 | D:1      | TrayleKats the Troll Gladiator began the quest for the Orb.
     0 | D:1      | Reached XP level 1. HP: 19/19 MP: 0/0
   141 | D:1      | Reached XP level 2. HP: 28/28 MP: 1/1
   434 | D:1      | Found Dobies's Weapon Shop.
   670 | D:2      | Reached XP level 3. HP: 32/35 MP: 2/2
  1445 | D:3      | Reached XP level 4. HP: 44/44 MP: 3/3
  1632 | D:3      | Reached skill level 4 in Unarmed Combat
  1640 | D:3      | Reached XP level 5. HP: 34/52 MP: 4/4
  2132 | D:4      | Found a staircase to the Ecumenical Temple.
  2182 | Temple   | Entered the Ecumenical Temple
  2182 | Temple   | Found a transporter.
  2182 | Temple   | Found a transporter.
  2184 | Temple   | Found a transporter.
  2184 | Temple   | Found a transporter.
  2202 | Temple   | Became a worshipper of Warmaster Okawaru
  2341 | D:4      | Found Ivoepa's Armour Shoppe.
  2776 | D:5      | Entered Level 5 of the Dungeon
  2776 | D:5      | Noticed Sigmund
  2785 | D:5      | Killed Sigmund
  2785 | D:5      | Reached * piety under Okawaru
  2786 | D:5      | Reached XP level 6. HP: 53/61 MP: 5/5
  2904 | D:5      | Reached skill level 5 in Unarmed Combat
  3090 | D:5      | Noticed Ijyb
  3102 | D:5      | Killed Ijyb
  3103 | D:5      | Reached XP level 7. HP: 53/68 MP: 3/6
  3440 | D:5      | Reached ** piety under Okawaru
  3531 | D:5      | Reached skill level 5 in Throwing
  3531 | D:5      | Reached skill level 6 in Unarmed Combat
  3558 | D:5      | Noticed Prince Ribbit
  3581 | D:5      | Killed Prince Ribbit
  3582 | D:5      | Reached XP level 8. HP: 58/79 MP: 4/7
  3865 | D:6      | Reached skill level 5 in Fighting
  3865 | D:6      | Reached skill level 1 in Invocations
  4564 | D:7      | Reached skill level 7 in Unarmed Combat
  4605 | D:7      | Reached *** piety under Okawaru
  4606 | D:7      | Reached XP level 9. HP: 62/88 MP: 5/10
  4808 | D:7      | Found a sand-covered staircase.
  4812 | Ossuary  | Entered an ossuary
  5463 | D:7      | Reached skill level 8 in Unarmed Combat
  5537 | D:7      | Noticed an unseen horror
  5549 | D:7      | Killed an unseen horror
  5677 | D:7      | Reached XP level 10. HP: 96/100 MP: 9/12
  5684 | D:7      | Reached **** piety under Okawaru
  5698 | D:7      | Received a gift from Okawaru
  5828 | D:8      | Reached skill level 5 in Invocations
  5939 | D:8      | Found a flagged portal.
  5960 | Bailey   | Entered a bailey
  6034 | Bailey   | Noticed an orc knight
  6050 | Bailey   | Reached skill level 9 in Unarmed Combat
  6061 | Bailey   | Noticed an orc knight
  6113 | Bailey   | Killed an orc knight
  6210 | Bailey   | Reached ***** piety under Okawaru
  6224 | Bailey   | Identified the ring "Lulatos" {Will+ Dex+2}
  6227 | Bailey   | Found the +3 pair of seven-league boots {Rampage+∞}
  6241 | Bailey   | Killed an orc knight
  6250 | Bailey   | Identified the +2 plate armour of Altruism {rElec}
  6561 | D:8      | Received a gift from Okawaru
  6645 | D:8      | Found a staircase to the Lair.
  6700 | D:8      | Reached XP level 11. HP: 110/110 MP: 14/14
  6795 | D:8      | Found an ornate altar of the Wu Jian Council.
  7242 | D:9      | Found a staircase to the Orcish Mines.
  7577 | D:9      | Found a hide-covered altar of Uskayaw.
  7997 | D:9      | Found a sacrificial altar of Ru.
  8152 | D:10     | Entered Level 10 of the Dungeon
  8343 | D:10     | You fall into a shaft and drop 2 floors!
  8349 | D:12     | Noticed a green ugly thing
  8353 | D:12     | Killed a green ugly thing
  8482 | D:12     | Received a gift from Okawaru
  8644 | D:13     | Noticed a centaur warrior
  8663 | D:13     | Noticed a boulder beetle
  8695 | D:13     | Killed a boulder beetle
  8696 | D:13     | Reached skill level 10 in Unarmed Combat
  8715 | D:13     | Noticed a brown ugly thing
  8731 | D:13     | Killed a brown ugly thing
  8767 | D:13     | Noticed a tengu warrior
  8782 | D:13     | Killed a tengu warrior
  8902 | D:13     | Noticed a centaur warrior
  8920 | D:13     | Killed a centaur warrior
  8988 | D:13     | Noticed an orange crystal statue
  9056 | D:13     | Noticed a centaur warrior
  9065 | D:13     | Killed a centaur warrior
  9164 | D:13     | Noticed a deep elf pyromancer
  9169 | D:13     | Killed a deep elf pyromancer
  9205 | D:13     | Found the +1 cloak of Starlight {*Dazzle EV+4 Stlth--}
  9257 | D:13     | Killed a centaur warrior
  9257 | D:13     | Received a gift from Okawaru
  9313 | D:13     | Noticed a skeletal warrior
  9313 | D:13     | Noticed a skeletal warrior
  9317 | D:13     | Noticed a skeletal warrior
  9317 | D:13     | Noticed a skeletal warrior
  9330 | D:13     | Killed a skeletal warrior
  9331 | D:13     | Reached XP level 12. HP: 57/122 MP: 3/16
  9383 | D:13     | Reached skill level 11 in Unarmed Combat
  9612 | D:13     | Noticed a boulder beetle
  9622 | D:13     | Killed a boulder beetle
  9623 | D:13     | Reached skill level 10 in Throwing
  9784 | D:13     | Received a gift from Okawaru
 10122 | D:13     | Noticed a centaur warrior
 10124 | D:13     | Noticed a boulder beetle
 10133 | D:13     | Killed a centaur warrior
 10148 | D:13     | Killed a boulder beetle
 10329 | D:12     | Upgraded the game from 0.30-a0-576-g89cddaab80 to
                  | 0.30-a0-578-gdee14c521f
 10380 | D:12     | Found a blossoming altar of Fedhas.
 10642 | D:11     | Identified the ring of Geplasu {Fire Contam Fly Str+2
                  | Int+4}
 10696 | D:11     | Upgraded the game from 0.30-a0-578-gdee14c521f to
                  | 0.30-a0-585-g93115170b9
 10704 | D:11     | Noticed a two-headed ogre
 10714 | D:11     | Killed a two-headed ogre
 10715 | D:11     | Reached skill level 1 in Shields
 10783 | D:10     | Noticed Erolcha
 10788 | D:10     | Killed Erolcha
 10789 | D:10     | Reached skill level 12 in Unarmed Combat
 10909 | D:10     | Noticed a two-headed ogre
 10915 | D:10     | Killed a two-headed ogre
 10916 | D:10     | Reached skill level 10 in Fighting
 11021 | D:10     | Noticed a two-headed ogre
 11029 | D:10     | Killed a two-headed ogre
 11332 | Lair:1   | Entered Level 1 of the Lair of Beasts
 11431 | Lair:1   | You fall into a shaft and drop 1 floor!
 11482 | Lair:2   | Found a hole to the Spider Nest.
 11509 | Lair:2   | Reached XP level 13. HP: 93/133 MP: 12/18
 11582 | Lair:1   | Noticed Sonja
 11584 | Lair:1   | Killed Sonja
 11597 | Lair:1   | Noticed Joseph
 11615 | Lair:1   | Killed Joseph
 11622 | Lair:1   | Received a gift from Okawaru
 12339 | Lair:2   | Received a gift from Okawaru
 12457 | Lair:2   | Identified 2 scrolls of acquirement
 12457 | Lair:2   | Acquired the +1 acid dragon scales of Leapfrog {rC+ rN+
                  | rCorr MP+9 Stlth-}
 12459 | Lair:2   | Acquired the ring of Ciogol {Wiz Fly rF++ rC- Slay+2}
 12988 | Lair:3   | Found a staircase to the Shoals.
 12994 | Lair:3   | Identified the +11 demon blade "Dadal" {flame, +Blink
                  | Dex+7} (Okawaru gifted it to you on level 3 of the Lair of
                  | Beasts)
 12994 | Lair:3   | Received a gift from Okawaru
 13206 | Lair:3   | Reached skill level 5 in Shields
 13206 | Lair:3   | Reached skill level 13 in Unarmed Combat
 13482 | Lair:3   | Identified the +10 quarterstaff of Gluttony {heavy, Int+4
                  | Dex+5} (Okawaru gifted it to you on level 3 of the Lair of
                  | Beasts)
 13482 | Lair:3   | Received a gift from Okawaru
 14340 | Lair:4   | Reached XP level 14. HP: 125/146 MP: 19/19
 14564 | Lair:4   | Received a gift from Okawaru
 15117 | Lair:4   | Found a runed translucent door.
 15118 | Lair:4   | Noticed a tentacled starspawn
 15287 | Lair:5   | Entered Level 5 of the Lair of Beasts
 15755 | Lair:5   | Received a gift from Okawaru
 16047 | Lair:5   | Reached skill level 14 in Unarmed Combat
 16402 | Lair:5   | Found a runed translucent door.
 16406 | Lair:5   | Found a viscous altar of Jiyva.
 16406 | Lair:5   | Found a staircase to the Slime Pits.
 16406 | Lair:5   | Noticed an acid blob
 16860 | Orc:1    | Entered Level 1 of the Orcish Mines
 16929 | Orc:1    | Paralysed by an orc sorcerer for 4 turns
 17219 | Orc:2    | Entered Level 2 of the Orcish Mines
 17219 | Orc:2    | Found a staircase to the Elven Halls.
 17250 | Orc:2    | Received a gift from Okawaru
 17352 | Orc:2    | Received a gift from Okawaru
 17848 | Orc:2    | Found Suewn's Armour Boutique.
 17848 | Orc:2    | Found Paruinir's Jewellery Shoppe.
 17850 | Orc:2    | Found Woiska's General Store.
 17852 | Orc:2    | Found Ybabicir's Antique Armour Shop.
 17859 | Orc:2    | Bought a scroll of blinking for 105 gold pieces
 17859 | Orc:2    | Bought a scroll of teleportation for 42 gold pieces
 18188 | D:11     | Reached XP level 15. HP: 103/156 MP: 18/20
 18335 | D:11     | Received a gift from Okawaru
 18469 | D:11     | Noticed Harold
 18476 | D:11     | Killed Harold
 18485 | D:11     | Received a gift from Okawaru
 19903 | Abyss:2  | Cast into level 2 of the Abyss (a wizard)
 19949 | Abyss:2  | Found a corrupted altar of Lugonu.
 20026 | Abyss:2  | Gained mutation: Your magical capacity is low. (-10% MP) [a
                  | neqoxec]
 20029 | Abyss:2  | Gained mutation: You are clumsy. (Dex -2) [a neqoxec]
 20087 | Abyss:2  | Received a gift from Okawaru
 20088 | Abyss:2  | Noticed a tentacled starspawn
 20100 | Abyss:2  | Killed a tentacled starspawn
 20164 | Abyss:2  | Noticed a profane servitor
 20190 | Abyss:2  | Killed a profane servitor
 20192 | Abyss:2  | Found a runed translucent door.
 20245 | Abyss:2  | Received a gift from Okawaru
 20246 | Abyss:2  | Reached skill level 15 in Unarmed Combat
 20358 | Abyss:2  | Noticed a pearl dragon
 20413 | Abyss:2  | Noticed a bone dragon
 20418 | D:14     | Escaped the Abyss
 20599 | D:13     | Lost mutation: Your magical capacity is low. (-10% MP)
                  | [potion of mutation]
 20599 | D:13     | Lost mutation: You are clumsy. (Dex -2) [potion of
                  | mutation]
 20599 | D:13     | Gained mutation: Your flesh is cold resistant. (rC+)
                  | [potion of mutation]
 20706 | D:14     | Found a hide-covered altar of Uskayaw.
 20794 | D:14     | Noticed a tengu reaver
 20795 | D:14     | Received a gift from Okawaru
 20822 | D:14     | Killed a tengu reaver
 21615 | D:14     | Noticed a storm dragon
 21629 | D:14     | Killed a bone dragon
 21632 | D:14     | Killed a storm dragon
 21885 | D:14     | Reached XP level 16. HP: 160/169 MP: 18/21
 21904 | D:14     | Found a gate to the Vaults.
 22342 | D:15     | Entered Level 15 of the Dungeon
 22685 | D:15     | Found a staircase to the Depths.
 22727 | D:15     | Reached skill level 10 in Shields
 22745 | D:15     | Identified the +2 robe of the Unbroken {rC+ rN+ Int-3 SInv}
                  | (Okawaru gifted it to you on level 15 of the Dungeon)
 22745 | D:15     | Received a gift from Okawaru
 22963 | D:15     | Identified the ring "Meibeb" {Fire Fly rPois Dex+4 Slay+5}
 23017 | D:15     | Found the +18 shield of the Gong {rElec rN+ Will+ EV-5}
 23341 | Spider:1 | Entered Level 1 of the Spider Nest
 23764 | Spider:1 | Reached skill level 16 in Unarmed Combat
 24226 | Spider:2 | Got the Parchment of Unified Reformation
 24534 | Spider:2 | Lost intelligence.
 24556 | Spider:2 | HP: 1/170 [boulder beetle (13)]
 24560 | Spider:2 | Slain by a ghost moth

Illustrated notes

Levels and vault maps discovered:
D:1:      reono_arrival_mine, layout_basic, serial_shops,
          nicolae_shop_bloodbath_and_beyond, minmay_heptomino_l4
D:2:      layout_basic
D:3:      layout_loops_ring, minmay_misc_feat_columns
D:4:      layout_gridville, minmay_temple_entry_grid, serial_shops,
          nicolae_lakefront_shop, minmay_misc_feat_secret_circle
D:5:      layout_cave_pods, fountainhead, hangedman_decor_diamond_cutter,
          hangedman_minor_gate_pass, uniq_ijyb, uniq_prince_ribbit1,
          uniq_sigmund
D:6:      layout_basic, grunt_ministairs_8
D:7:      kennysheep_windowed_halls, layout_basic, enter_ossuary_5
D:8:      layout_cave_pools, mainiacjoe_overflow_boulevard, david_lair_shrubbed,
          enter_bailey_4, chequers_serial_rivers_micro_b, grunt_ministairs_12,
          minmay_fractal_squares_gapless_5
D:9:      layout_layer_cave, amethyst_overflow_temple_binary, orc_0_dummy,
          hangedman_abyss_or_decor_slice
D:10:     layout_irregular_city, uniq_erolcha
D:11:     layout_rooms, grunt_ministairs_10, nzn_sisyphean_effort, uniq_harold
D:12:     layout_basic, fedhas_altar_2
D:13:     layout_gridville, chequers_serial_rivers_large_b,
          hangedman_decor_lopped, chequers_garden, minivault_16,
          grunt_ministairs_13
D:14:     regret_index_harrowing_hell_hive, layout_loops_ring,
          ximxim_vaults_locker_room, portal_ice_cave_entry_pillars_1,
          kennysheep_decorative_pillar, nicolae_uskayaw_dance_hall
D:15:     grunt_enter_depths_giant_problem, layout_basic, serial_park_square3
          [serial_park_minivault_5x5_7], hellmonk_guarded_unrand_gong
Temple:   hellmonk_temple_divided_pantheon
Lair:1:   layout_long_grid, uniq_sonja, uniq_joseph
Lair:2:   layout_small_grid, hellmonk_spider_entry_life_and_decay,
          nicolae_lair_grove_arrangements
Lair:3:   nzn_winding_woodlands_large [nzn_winding_woodlands_5x5_checkerboard,
          nzn_winding_woodlands_5x15_sawtooth,
          nzn_winding_woodlands_5x5_default,
          nzn_winding_woodlands_center_pierced_h,
          nzn_winding_woodlands_15x15_boxy_spiral,
          nzn_winding_woodlands_center_diamonds,
          nzn_winding_woodlands_5x5_open_star,
          nzn_winding_woodlands_5x15_lazy_stream,
          nzn_winding_woodlands_5x5_closed_star], layout_gridlike,
          minmay_shoals_entry_hut, serial_bayou_crossing
Lair:4:   layout_roguey, st_stairs_7, pdpol_lair_cabin_in_the_woods
Lair:5:   gammafunk_lair_ancient_temple, layout_regular_city, slime_entry_2,
          roderic_batcave, nicolae_lair_lindhole, grunt_megastairs_2
Spider:1: nicolae_spider_mines_3
Spider:2: layout_chambers, hangedman_stitches_earthworm
Orc:1:    layout_caves
Orc:2:    st_orc_rangers, layout_caves

Skill      XL: |  1  2  3  4  5  6  7  8  9 10 11 12 13 14 15 16 |
---------------+-------------------------------------------------+-----
Throwing       | 2 3 4 5 6 7 8 9 11 12 13 14 | 14.7
Fighting       | 2 3 4 5 6 7 8 10 11 12 13 | 13.6
Unarmed Combat | 4 5 6 7 8 9 10 12 13 14 15 16 | 16.1
Invocations    | 2 4 6 7 8 |  8.0
Shields        | 2 5 7 9 10 | 10.6
Dodging        | |  2.4

Action                   |  1- 3 |  4- 6 |  7- 9 | 10-12 | 13-15 | 16-18 || total
-------------------------+-------+-------+-------+-------+-------+-------++-------
Melee: Unarmed           |   115 |   141 |   308 |   481 |  1171 |   251 ||  2467
       Punch             |     2 |     2 |    17 |    39 |     7 |       ||    67
Throw: Large rock        |       |     3 |     2 |    26 |   116 |       ||   147
       Javelin           |       |       |       |     3 |     7 |       ||    10
       Throwing net      |       |       |       |     1 |     2 |       ||     3
       Boomerang         |       |       |       |       |    38 |    59 ||    97
Invok: Heroism           |       |       |     6 |    25 |    33 |     5 ||    69
       Finesse           |       |       |       |     3 |     7 |       ||    10
Evoke: Wand              |       |       |       |     3 |       |       ||     3
  Use: Scroll            |       |       |    15 |     2 |    14 |     5 ||    36
       Potion            |       |       |       |     2 |     5 |    13 ||    20
 Stab: Sleeping          |     1 |     1 |       |       |       |       ||     2
       Invisible         |       |       |       |     2 |    36 |     4 ||    42
Armor: Robe              |     6 |       |       |       |       |       ||     6
       Acid dragon scale |    42 |    47 |   114 |   126 |   277 |       ||   606
       Storm dragon scal |       |       |       |       |     7 |   106 ||   113
Dodge: Dodged            |    36 |    54 |   158 |   362 |   911 |    94 ||  1615
Block: Kite shield       |       |       |       |       |   589 |   176 ||   765

Table legend: (Time is in decaauts)
 A = Elapsed time spent in this place.
 B = Non-inter-level travel time spent in this place.
 C = Inter-level travel time spent in this place.
 D = Time resting spent in this place.
 E = Time spent auto-exploring this place.
 F = Levels seen in this place.
 G = Mean time per level.
                   A        B        C        D        E       F      G
               +--------+--------+--------+--------+--------+-----+--------+
         Total |  24059 |  22416 |   1643 |     71 |  17437 |  28 |  859.2 |
       Dungeon |  15106 |  13813 |   1293 |     18 |  11063 |  15 | 1007.1 |
        Temple |     34 |     22 |     12 |      0 |      5 |   1 |   34.0 |
          Lair |   5425 |   5144 |    281 |      0 |   4101 |   5 | 1085.0 |
   Spider Nest |   1184 |   1170 |     14 |      0 |    867 |   2 |  592.0 |
  Orcish Mines |   1198 |   1156 |     42 |      2 |    887 |   2 |  599.0 |
         Abyss |    485 |    485 |      0 |     50 |    191 |   1 |  485.0 |
       Ossuary |    227 |    227 |      0 |      0 |     97 |   1 |  227.0 |
        Bailey |    396 |    396 |      0 |      0 |    226 |   1 |  396.0 |
               +--------+--------+--------+--------+--------+-----+--------+

Top non-repeatable levels by time:
    D:13: 2291 daAuts
    D:14: 1802 daAuts
    D:12: 1415 daAuts
  Lair:3: 1350 daAuts
  Lair:5: 1271 daAuts
     D:9: 1150 daAuts
  Lair:4: 1115 daAuts
     D:7: 1069 daAuts
  Lair:2: 964 daAuts
     D:5: 946 daAuts
     D:8: 865 daAuts
   Orc:2: 830 daAuts
     D:6: 817 daAuts
     D:4: 802 daAuts
  Lair:1: 723 daAuts
